 Dungeon Crawl Stone Soup version 0.23-a0-169-gb21e695 (webtiles) character file.

177 Inarius the Skirmisher (level 5, -6/42 HPs)
             Began as a Demonspawn Fighter on Sept 11, 2018.
             Was a Follower of Trog.
             Killed by nerve-wracking pain
             ... invoked by Grinder
              (8 damage)
             ... on level 3 of the Dungeon.
             The game lasted 00:03:06 (2602 turns).

Inarius the Skirmisher (Demonspawn Fighter)         Turns: 2602, Time: 00:03:07

Health: -6/42      AC: 11    Str: 23    XL:     5   Next: 30%
Magic:  5/5        EV:  5    Int:  9    God:    Trog [*.....]
Gold:   227        SH:  9    Dex: 12    Spells: 4/4 levels left

rFire    + . .     SeeInvis .   a - +0 war axe
rCold    + . .     Gourm    .   c - +0 shield
rNeg     . . .     Faith    .   o - +0 chain mail
rPois    +         Spirit   .   (no helmet)
rElec    +         Reflect  .   (no cloak)
rCorr    +         Harm     .   (no gloves)
MR       .....                  (no boots)
Stlth    ..........             (no amulet)
HPRegen  0.14/turn              (no ring)
MPRegen  0.09/turn              (no ring)

@: mighty, resistant
A: hooves 2, yellow scales 1, nightstalker 1
a: Berserk, Renounce Religion


You were on level 3 of the Dungeon.
You worshipped Trog.
Trog was aware of your devotion.
You were not hungry.

You visited 1 branch of the dungeon, and saw 3 of its levels.

You collected 227 gold pieces.

Inventory:

Hand Weapons
 a - a +0 war axe (weapon)
Armour
 c - a +0 shield (worn)
 o - a +0 chain mail (worn)
Jewellery
 u - an uncursed ring of wizardry {unknown}
 v - a +5 amulet of reflection {unknown}
Wands
 q - a wand of scattershot (4)
Scrolls
 e - 2 scrolls of teleportation {unknown}
 g - a scroll of enchant armour {unknown}
 h - a scroll of amnesia {unknown}
 i - a scroll of remove curse {unknown}
 j - 2 scrolls of blinking {unknown}
 m - 5 scrolls of identify {unknown}
 n - a scroll of immolation {unknown}
Potions
 b - 2 potions of mutation {unknown}
 k - 2 potions of curing {unknown}
 l - a potion of lignification {unknown}
 r - 2 potions of resistance
 s - 2 potions of agility {unknown}
 t - 3 potions of heal wounds {unknown}
Comestibles
 f - 7 rations


   Skills:
 + Level 3.8 Fighting
 + Level 3.4 Axes
 + Level 3.5 Armour
 + Level 0.2 Dodging
 + Level 0.4 Stealth
 + Level 3.1 Shields


You had 4 spell levels left.
You didn't know any spells.
Your spell library was empty.

Dungeon Overview and Level Annotations

Branches:
Dungeon (3/15)

Altars:
Trog

Annotations:
D:3 Grinder


Innate Abilities, Weirdness & Mutations

You have hoof-like feet.
You are partially covered in yellow scales. (AC +2)
You are slightly more attuned to the shadows.


Message History

You block Grinder's attack.
You closely miss Grinder.
Grinder is lightly wounded.
Grinder hits you but does no damage.
You closely miss Grinder. You kick Grinder!
Grinder is moderately wounded.
Grinder hits you.
You writhe in agony.
* * * LOW HITPOINT WARNING * * *
Grinder hits you but does no damage.
You slash Grinder! Your kick misses Grinder.
Grinder is severely wounded.
Grinder hits you.
* * * LOW HITPOINT WARNING * * *
You writhe in agony.
* * * LOW HITPOINT WARNING * * *
It was a potion of resistance.
You feel protected. Grinder gestures at you. Pain shoots through your body!
You die...

#.#.######............(.
#.#.######..............
#.#.#....#..............
#.#.#....#..............
#.#.#....#..............
#.#.....................
#.###....##.............
#.###########'##########
#......@5.....#
###############


You could see Grinder.

Vanquished Creatures
  A crimson imp (D:3)
  4 gnolls
  3 adders
  An ooze (D:3)
  5 worms
  3 dart slugs (D:1)
  A leopard gecko (D:2)
  A ball python (D:3)
  4 giant cockroaches
  6 goblins
  7 hobgoblins
  5 bats
  5 frilled lizards
  6 kobolds
  5 rats
57 creatures vanquished.

Notes
Turn   | Place    | Note
-------+----------+-------------------------------------------
     0 | D:1      | Inarius the Demonspawn Fighter began the quest for the Orb.
     0 | D:1      | Reached XP level 1. HP: 18/18 MP: 1/1
   150 | D:1      | Gained mutation: You have large cloven feet. [demonic
                  | ancestry]
   150 | D:1      | Reached XP level 2. HP: 11/24 MP: 2/2
   680 | D:1      | Gained mutation: You have hoof-like feet. [demonic
                  | ancestry]
   680 | D:1      | Reached XP level 3. HP: 16/29 MP: 3/3
  1427 | D:2      | Gained mutation: You are slightly more attuned to the
                  | shadows. [demonic ancestry]
  1427 | D:2      | Reached XP level 4. HP: 35/35 MP: 4/4
  1506 | D:2      | Found a bloodstained altar of Trog.
  1625 | D:2      | Became a worshipper of Trog the Wrathful
  2364 | D:3      | Reached * piety under Trog
  2372 | D:3      | Gained mutation: You are partially covered in yellow
                  | scales. (AC +2) [demonic ancestry]
  2372 | D:3      | Reached XP level 5. HP: 42/42 MP: 5/5
  2585 | D:3      | Noticed Grinder
  2593 | D:3      | Paralysed by Grinder for 4 turns
  2601 | D:3      | HP: 2/42 [Grinder (5)]
  2602 | D:3      | Killed from afar by Grinder

Vault maps used:
D:1:      dpeg_arrival_short_road, minmay_tall_x
D:2:      marbit_many_paths
D:3:      uniq_grinder

Skill      XL: |  1  2  3  4 |
---------------+-------------+-----
Armour         | 3 |  3.5
Axes           | 2 3 |  3.4
Shields        | 3 |  3.1
Fighting       | |  3.8
Dodging        | |  0.2
Stealth        | |  0.4

Action                   |  1- 3 |  4- 6 || total
-------------------------+-------+-------++-------
Melee: War axe           |    99 |    64 ||   163
       Kick              |    24 |    17 ||    41
  Use: Potion            |       |     2 ||     2
  Eat: Chunk             |     2 |     4 ||     6
Armor: Scale mail        |    22 |       ||    22
       Chain mail        |    29 |    31 ||    60
Dodge: Dodged            |    23 |    11 ||    34
Block: Shield            |    33 |    26 ||    59

Table legend:
 A = Non-vault XP
 B = Vault XP
 C = Vault XP percentage of total XP
 D = Non-vault monster count
 E = Vault monster count
 F = Vault count percentage of total count
                 A         B        C        D         E       F
            +---------+---------+-------+---------+---------+-------
      Total |     240 |      13 |   5.1 |      52 |       5 |   8.8
            +---------+---------+-------+---------+---------+-------
        D:1 |      38 |       8 |  17.4 |      12 |       4 |  25.0
        D:2 |      64 |       5 |   7.2 |      19 |       1 |   5.0
        D:3 |     138 |       0 |   0.0 |      21 |       0 |   0.0
            +---------+---------+-------+---------+---------+-------
